 Dungeon Crawl Stone Soup version 0.31-b1-17-gcfd88c8481 (webtiles) character file.

Game seed: 11239514850391253375

99 PaiMei the Grave Robber (level 4, -5/32 HPs)
             Began as a Demonspawn Necromancer on Jan 15, 2024.
             Killed from afar by an orc wizard (9 damage)
             ... with a magic dart
             ... on level 2 of the Dungeon.
             The game lasted 00:02:36 (2718 turns).

PaiMei the Grave Robber (Demonspawn Necromancer)    Turns: 2718, Time: 00:02:36

Health: -5/32      AC:  3    Str:  9    XL:     4   Next: 45%
Magic:  5/8        EV: 12    Int: 17    God:
Gold:   79         SH:  0    Dex: 13    Spells: 4/8 levels left

rFire   . . .        n - +1 dagger (venom)
rCold   . . .        (no shield)
rNeg    . . .        a - +0 robe
rPois   .            (no helmet)
rElec   .            (no cloak)
rCorr   .            (no gloves)
SInv    .            (no boots)
Will    .....        (no amulet)
Stlth   +            (no ring)
HPRegen 0.25/turn    (no ring)
MPRegen 0.11/turn

%: no passive effects
@: confused
A: powered by pain 1, sharp scales 1
a: no special abilities


You were on level 2 of the Dungeon.
You visited 1 branch of the dungeon, and saw 3 of its levels.

You collected 79 gold pieces.

Inventory:

Hand Weapons
 l - a +1 short sword of electrocution
 n - a +1 dagger of venom (weapon)
Missiles
 e - 3 poisoned darts (quivered)
Armour
 a - a +0 robe (worn)
Scrolls
 c - 2 scrolls of teleportation {unknown}
 f - 3 scrolls of poison {unknown}
 g - 3 scrolls of identify {unknown}
 h - a scroll of silence {unknown}
Potions
 b - a potion of magic
 d - a potion of lignification {unknown}
 i - a potion of curing {unknown}
 j - a potion of might {unknown}
 k - a potion of heal wounds {unknown}
 m - a potion of brilliance {unknown}


   Skills:
 + Level 1.2 Fighting
 + Level 2.6 Dodging
 - Level 2.2 Stealth
 + Level 2.7 Spellcasting
 + Level 5.0 Necromancy


You had 4 spell levels left.
You knew the following spells:

 Your Spells              Type           Power      Damage    Failure   Level
a - Necrotise             Necr           76%        1d7       2%          1
b - Vampiric Draining     Necr           19%        2d7       7%          3

Your spell library contained the following spells:

 Spells                   Type           Power      Damage    Failure   Level
 Animate Dead             Necr           19%        N/A       22%         4
 Mercury Vapours          Alch/Air       4%         N/A       26%         2
 Mephitic Cloud           Conj/Alch/Air  2%         N/A       47%         3
 Curse of Agony           Necr           19%        N/A       54%         5
 Freezing Cloud           Conj/Ice/Air   1%         6-21      99%         5


Dungeon Overview and Level Annotations

Branches:
Dungeon (3/15)

Altars:


Innate Abilities, Weirdness & Mutations

You sometimes gain a little power by taking damage.
You are partially covered in razor-sharp scales. (AC +1, Slay +1)


Message History

The orc wizard writhes in agony.
Casting: Necrotise (safe; 2% risk of failure)
Confirm with . or Enter, or press ? or * to list all spells.
Aiming: Necrotise (safe; 2% risk of failure)
Press: ? - help, Shift-Dir - straight line, f/p - orc wizard
Aim: an orc wizard, wielding a +2 dagger of venom and wearing a +0 robe (heavily wounded, chance to affect: 78%)
The orc wizard writhes in agony.
The orc shouts!
You hear a shout!
The orc wizard points at you and mumbles some strange words.
You are confused.
You're too confused to cast spells.
You're too confused to cast spells.
The orc wizard casts a spell at you.
You are more confused.
In your confused state, you trip and fall back down the stairs.
The orc wizard casts a spell at you.
You are more confused.
The goblin completely misses you.
In your confused state, you trip and fall back down the stairs.
The goblin hits you with a +0 club.
The orc shouts!
The goblin hits you with a +0 club.
The orc wizard points at you and mumbles some strange words.
The puff of flame hits you!
The orc hits you with a +0 mace of protection.
* * * LOW HITPOINT WARNING * * *
You climb upwards.
There is a stone staircase leading down here.
You're too confused to cast spells.
You hit the orc wizard.
The orc wizard is poisoned.
The orc wizard is severely wounded.
The orc wizard closely misses you. The orc closely misses you.
You bump into the rock wall.
The orc wizard closely misses you.
The orc hits you with a +0 mace of protection.
* * * LOW HITPOINT WARNING * * *
You're too confused to cast spells.
You bump into the rock wall.
The orc wizard points at you and mumbles some strange words.
The magic dart hits you!
You die...

....#.......#.#.# ##.## ♣.♣...
......###...#.#.# #..#####.##.P
....#.##......#.# #.##......##.
....#.##.##...#.# #.##........#
....#.##.#..#...# ##.##......#..
....#.##....#..#####.^##.........
#####.##.##.....g....###...######
#.##.##.####o##### #...#.....
#####.#####.# #@# #.#.'.....
...##.# #.# #o# #.#.#.....
##.##.# #.####.# #.#.#..[..
....#.# #......# #.#.#.....
.#..#.# ######## #...#.....
.#..#.# #...#..... .#..#.#
##..#..... .####.# #..######
......# ##.......


You could see an orc wizard (very poisoned), an orc and a goblin.

Vanquished Creatures
  An orc wizard (D:3)
  2 adders (D:2)
  2 dart slugs
  A ribbon worm (D:2)
  4 orcs
  8 bats
  3 endoplasms
  A giant cockroach (D:1)
  3 goblins
  3 hobgoblins (D:1)
  2 kobolds (D:2)
  4 quokkas
  2 ball pythons (D:2)
  2 frilled lizards (D:1)
  3 rats
41 creatures vanquished.

Vanquished Creatures (collateral kills)
  2 endoplasms
  A goblin (D:2)
  A rat (D:1)
4 creatures vanquished.

Grand Total: 45 creatures vanquished

Notes
Turn   | Place    | Note
-------+----------+-------------------------------------------
     0 | D:1      | PaiMei the Demonspawn Necromancer began the quest for the
                  | Orb.
     0 | D:1      | Reached XP level 1. HP: 13/13 MP: 3/3
   278 | D:1      | Gained mutation: You are partially covered in razor-sharp
                  | scales. (AC +1, Slay +1) [demonic ancestry]
   278 | D:1      | Reached XP level 2. HP: 19/19 MP: 3/5
  1159 | D:2      | Reached XP level 3. HP: 24/24 MP: 0/6
  1163 | D:2      | Learned a level 3 spell: Vampiric Draining
  2336 | D:2      | Gained mutation: You sometimes gain a little power by
                  | taking damage. [demonic ancestry]
  2336 | D:2      | Reached XP level 4. HP: 21/31 MP: 5/7
  2656 | D:3      | Reached skill level 1 in Fighting
  2656 | D:3      | Reached skill level 5 in Necromancy
  2718 | D:2      | Killed from afar by an orc wizard

Illustrated notes

Levels and vault maps discovered:
D:1:      zelgadis_glass_arrival_large, layout_basic,
          chequers_serial_rivers_micro_d
D:2:      layout_basic, serial_forest, infiniplex_forest_clump_cross,
          infiniplex_forest_lined_room_2, infiniplex_forest_clump_tiny,
          infiniplex_forest_lined_room_2, infiniplex_forest_lined_corner,
          infiniplex_forest_lined_2, infiniplex_forest_diagonal, minivault_25
D:3:      layout_rooms, vehumet_crystals,
          nicolae_uskayaw_murder_on_the_dancefloor, minmay_fractal_squares_5

Skill      XL: |  1  2  3  4 |
---------------+-------------+-----
Stealth        | 2 |  2.2
Dodging        | 2 |  2.6
Fighting       | 1 |  1.2
Necromancy     | 5 |  5.0
Spellcasting   | |  2.7

Action                     |  1- 3 |  4- 6 || total
---------------------------+-------+-------++-------
  Melee: Unarmed           |     7 |       ||     7
         Punch             |     1 |       ||     1
         Short sword       |     3 |     8 ||    11
         Dagger            |       |     1 ||     1
   Cast: Necrotise         |    60 |    14 ||    74
 Armour: Robe              |    24 |    14 ||    38
  Dodge: Dodged            |    18 |    11 ||    29
